Predators vs Maple Leafs
Created - April 18, 2020 at 19:10
Goals
|
| Predators |
1 |
2 |
1 |
4 |
| Maple Leafs |
1 |
0 |
1 |
2 |
|
Shots
|
| Predators |
5 |
16 |
18 |
39 |
| Maple Leafs |
7 |
9 |
9 |
25 |
|
1st period
1. Predators , Alexander Ovechkin 33 (Mikael Granlund 49) at 0:08
2. Maple Leafs , Jordan Staal 25 (Braydon Coburn 19) at 1:46
Penalties :
No Penalty
2nd period
3. Predators , Alexander Ovechkin 34 (Mikael Granlund 50, Brendan Gallagher 39) at 1:44
4. Predators , Brendan Gallagher 27 (Mikael Granlund 51, Alexander Ovechkin 57) at 19:31
Penalties :
Braydon Coburn (Tor) for Hooking (Minor) at 1:57, Justin Faulk (Nas) for Hooking (Minor) at 8:46, Nik Antropov (Nas) for Holding (Minor) at 15:20
3rd period
5. Predators , Niclas Bergfors 30 (Ryan Kesler 33, Nik Antropov 6) at 7:27
6. Maple Leafs , Patrick Kane 50 (Jordan Staal 46) at 7:53 (PP)
Penalties :
Andy Miele (Nas) for Holding (Minor) at 3:59, Alexander Edler (Nas) for Hooking (Minor) at 7:51, Brendan Gallagher (Nas) for Holding (Minor) at 8:17
Goalie Stats
Anders Lindback (Nas), 23 saves from 25 shots - (0.920), W, 5-8-2, 60:00 minutes
Tyler Weiman (Tor), 35 saves from 39 shots - (0.897), L, 5-5-1, 60:00 minutes
Players Stats for Predators
Player Name G A P +/- PIM S H SB GA TA FO MP PP MP PK MP
------------------------------------------------------------------------------------
Alex Killorn 0 0 0 1 0 0 0 0 0 1 0/1 14:11 0:38 0:15
Alexander Edler 0 0 0 0 2 2 0 1 0 0 0/0 23:56 0:59 4:42
Alexander Ovechkin 2 1 3 3 0 5 0 1 3 1 7/9 21:37 1:21 4:12
Alexander Steen 0 0 0 0 0 3 0 2 0 0 1/1 14:34 0:00 1:43
Andy Miele 0 0 0 0 2 1 2 1 1 0 2/4 13:38 0:00 1:04
Brendan Gallagher 1 1 2 3 2 5 1 0 0 0 0/1 18:47 0:00 2:59
Denis Grebeshkov 0 0 0 1 0 3 0 0 0 1 0/0 14:19 0:00 0:00
George Parros 0 0 0 -1 0 0 0 1 0 0 0/0 8:15 0:00 0:00
John Moore 0 0 0 2 0 2 2 0 0 0 0/0 21:41 1:00 3:14
Justin Abdelkader 0 0 0 -1 0 3 1 0 1 0 0/0 11:19 0:00 2:32
Justin Faulk 0 0 0 2 2 2 1 1 0 2 0/0 18:12 1:00 0:02
Maxim Afinogenov 0 0 0 0 0 2 2 2 0 0 0/0 15:24 1:21 1:44
Mikael Granlund 0 3 3 3 0 7 2 1 1 0 9/18 19:10 1:21 1:27
Nate Schmidt 0 0 0 1 0 0 0 0 0 0 0/0 18:08 0:00 3:14
Niclas Bergfors 1 0 1 1 0 2 2 0 1 0 0/0 13:29 0:38 0:00
Nik Antropov 0 1 1 -1 2 1 2 0 0 0 1/1 7:48 0:00 0:00
Ryan Kesler 0 1 1 1 0 1 0 0 1 0 4/11 13:29 0:38 0:00
Ryan Mcdonagh 0 0 0 0 0 0 1 2 1 2 0/0 24:00 0:59 4:44
Players Stats for Maple Leafs
Player Name G A P +/- PIM S H SB GA TA FO MP PP MP PK MP
------------------------------------------------------------------------------------
Beau Bennett 0 0 0 0 0 2 0 0 0 0 0/0 10:03 0:00 0:00
Ben Smith 0 0 0 -2 0 1 1 1 0 0 0/0 15:24 3:40 0:00
Blake Comeau 0 0 0 0 0 1 4 0 1 0 0/2 13:59 0:00 0:39
Brayden Schenn 0 0 0 -2 0 0 1 0 1 1 6/11 16:10 3:40 0:23
Braydon Coburn 0 1 1 -2 2 1 1 1 1 2 0/0 24:14 4:23 0:00
Eric Nystrom 0 0 0 0 0 1 1 0 1 0 0/0 13:14 0:00 0:00
Hampus Lindholm 0 0 0 0 0 1 1 0 0 0 0/0 16:37 0:00 1:11
Jake Guentzel 0 0 0 0 0 0 0 1 1 0 0/0 9:40 0:00 0:00
John Klingberg 0 0 0 -1 0 1 2 4 0 1 0/0 19:14 3:35 0:48
Jordan Staal 1 1 2 -1 0 2 1 0 0 1 11/27 19:37 4:18 0:23
Kevin Shattenkirk 0 0 0 -2 0 1 2 1 0 1 0/0 26:01 4:23 1:11
Kyle Clifford 0 0 0 -2 0 3 2 0 0 0 0/0 16:32 3:40 0:39
Marc-Édouard Vlasic 0 0 0 -1 0 0 1 1 1 0 0/0 19:14 3:35 0:48
Mika Zibanejad 0 0 0 0 0 4 0 0 0 0 2/2 13:14 0:00 0:00
Nate Thompson 0 0 0 0 0 1 1 0 0 0 1/1 9:40 0:00 0:00
Patrick Kane 1 0 1 -1 0 2 3 0 0 0 1/2 20:11 4:18 0:57
Ryan Parent 0 0 0 0 0 0 3 1 0 2 0/0 14:45 0:00 0:00
Taylor Hall 0 0 0 -1 0 4 3 1 1 1 1/1 20:11 4:18 0:57
3 Stars
1 - Alexander Ovechkin (Nas)
2 - Mikael Granlund (Nas)
3 - Brendan Gallagher (Nas)
Power Play
Predators - 0 on 1 Attempt(s) - 0.00%
Maple Leafs - 1 on 5 Attempt(s) - 20.00%
Penalty Kill
Predators - 4 on 5 Attempt(s) - 80.00%
- Score 0 goal in Penalty Kill
Maple Leafs - 1 on 1 Attempt(s) - 100.00%
- Score 0 goal in Penalty Kill
Team Stat
Predators - Hits : 16 - Faceoff Wins : 24 - Blocked Shots : 12 - Penalty Minutes : 10
Maple Leafs - Hits : 27 - Faceoff Wins : 22 - Blocked Shots : 11 - Penalty Minutes : 2
Official
Referees : Unknown
Linesman : Unknown
Game Notes
No Game Note
Finance
Level 1 -- Attendance: 5330 (88.83%) -- Ticket Income $586,300
Level 2 -- Attendance: 3883 (77.66%) -- Ticket Income $271,810
Level 3 -- Attendance: 1727 (86.35%) -- Ticket Income $79,442
Level 4 -- Attendance: 3307 (82.68%) -- Ticket Income $99,210
Luxury Box -- Attendance: 1000 (100.00%) -- Ticket Income $180,000
Game was played at the Maple Leafs Garden.
Total Attendance: 15247 (84.71%)
Total Ticket Income: $1,216,762
Other Income: $182,514
Total Income: $1,399,276
Predators
5 vs 5 Forward
Center Left Wing Right Wing Time % Phy DF OF
1 Mikael Granlund Alexander Ovechkin Brendan Gallagher 40 1 2 2
2 Ryan Kesler Alex Killorn Niclas Bergfors 30 1 2 2
3 Andy Miele Alexander Steen Maxim Afinogenov 20 1 2 2
4 Nik Antropov Justin Abdelkader George Parros 10 1 2 2
5 vs 5 Defense
Defense Defense Time % Phy DF OF
1 Ryan Mcdonagh Alexander Edler 40 1 2 2
2 John Moore Justin Faulk 30 1 3 1
3 Nate Schmidt Denis Grebeshkov 20 1 2 2
4 Ryan Mcdonagh Alexander Edler 10 1 3 1
PowerPlay Forward
Center Left Wing Right Wing Time % Phy DF OF
1 Mikael Granlund Alexander Ovechkin Maxim Afinogenov 60 1 1 3
2 Ryan Kesler Alex Killorn Niclas Bergfors 40 1 1 3
PowerPlay Defense
Defense Defense Time % Phy DF OF
1 Ryan Mcdonagh Alexander Edler 60 1 1 3
2 John Moore Justin Faulk 40 1 1 3
Penalty Kill 4 Players Forward
Center Wing Time % Phy DF OF
1 Alexander Ovechkin Brendan Gallagher 60 1 2 2
2 Andy Miele Maxim Afinogenov 40 1 2 2
Penalty Kill 4 Players Defense
Defense Defense Time % Phy DF OF
1 Ryan Mcdonagh Alexander Edler 60 1 3 1
2 John Moore Nate Schmidt 40 1 3 1
Penalty Kill - 3 Players Forward
Forward Time % Phy DF OF
1 Andy Miele 60 1 2 2
2 Alexander Ovechkin 40 1 2 2
Penalty Kill - 3 Players Defense
Defense Defense Time % Phy DF OF
1 Ryan Mcdonagh Alexander Edler 60 1 2 2
2 John Moore Nate Schmidt 40 1 2 2
4 vs 4 Forward
Center Wing Time % Phy DF OF
1 Ryan Kesler Niclas Bergfors 60 1 2 2
2 Mikael Granlund Alexander Ovechkin 40 1 2 2
4 vs 4 Defense
Defense Defense Time % Phy DF OF
1 Ryan Mcdonagh Alexander Edler 60 1 2 2
2 John Moore Justin Faulk 40 1 2 2
Last Minutes Offensive
Center Left Wing Right Wing Defense Defense
Ryan Kesler Alexander Ovechkin Niclas Bergfors Ryan Mcdonagh Alexander Edler
Last Minutes Defensive
Center Left Wing Right Wing Defense Defense
Ryan Kesler Alexander Ovechkin Andy Miele Ryan Mcdonagh John Moore
Goaltenders
Starting : Anders Lindback
Backup : Viktor Fasth
Extra Forwards
Normal : Maxim Afinogenov, Andy Miele, Justin Abdelkader - PP : Brendan Gallagher, Andy Miele - PK : Justin Abdelkader
Extra Defensemen
Normal : Justin Faulk, Nate Schmidt, John Moore - PP : John Moore - PK : Justin Faulk, Nate Schmidt
Penalty Shots
Ryan Kesler, Niclas Bergfors, Alexander Ovechkin, Mikael Granlund, Maxim Afinogenov
Scratches
Byron Bitz (Healthy), Dmitri Kalinin (Healthy)
Maple Leafs
5 vs 5 Forward
Center Left Wing Right Wing Time % Phy DF OF
1 Jordan Staal Taylor Hall Patrick Kane 40 1 2 2
2 Brayden Schenn Kyle Clifford Ben Smith 30 1 2 2
3 Mika Zibanejad Eric Nystrom Blake Comeau 20 1 2 2
4 Nate Thompson Jake Guentzel Beau Bennett 10 1 2 2
5 vs 5 Defense
Defense Defense Time % Phy DF OF
1 Kevin Shattenkirk Braydon Coburn 40 1 2 2
2 John Klingberg Marc-Édouard Vlasic 30 1 2 2
3 Ryan Parent Hampus Lindholm 20 1 2 2
4 Kevin Shattenkirk Braydon Coburn 10 1 2 2
PowerPlay Forward
Center Left Wing Right Wing Time % Phy DF OF
1 Jordan Staal Taylor Hall Patrick Kane 60 1 2 2
2 Brayden Schenn Kyle Clifford Ben Smith 40 1 2 2
PowerPlay Defense
Defense Defense Time % Phy DF OF
1 Kevin Shattenkirk Braydon Coburn 60 1 2 2
2 John Klingberg Marc-Édouard Vlasic 40 1 2 2
Penalty Kill 4 Players Forward
Center Wing Time % Phy DF OF
1 Patrick Kane Taylor Hall 60 1 2 2
2 Jordan Staal Brayden Schenn 40 1 2 2
Penalty Kill 4 Players Defense
Defense Defense Time % Phy DF OF
1 Kevin Shattenkirk Braydon Coburn 60 1 2 2
2 John Klingberg Marc-Édouard Vlasic 40 1 2 2
Penalty Kill - 3 Players Forward
Forward Time % Phy DF OF
1 Patrick Kane 60 1 2 2
2 Taylor Hall 40 1 2 2
Penalty Kill - 3 Players Defense
Defense Defense Time % Phy DF OF
1 Kevin Shattenkirk Braydon Coburn 60 1 2 2
2 John Klingberg Marc-Édouard Vlasic 40 1 2 2
4 vs 4 Forward
Center Wing Time % Phy DF OF
1 Patrick Kane Taylor Hall 60 1 2 2
2 Jordan Staal Brayden Schenn 40 1 2 2
4 vs 4 Defense
Defense Defense Time % Phy DF OF
1 Kevin Shattenkirk Braydon Coburn 60 1 2 2
2 John Klingberg Marc-Édouard Vlasic 40 1 2 2
Last Minutes Offensive
Center Left Wing Right Wing Defense Defense
Jordan Staal Taylor Hall Patrick Kane Kevin Shattenkirk Braydon Coburn
Last Minutes Defensive
Center Left Wing Right Wing Defense Defense
Jordan Staal Taylor Hall Patrick Kane Kevin Shattenkirk Braydon Coburn
Goaltenders
Starting : Tyler Weiman
Backup : Marc-André Fleury
Extra Forwards
Normal : Eric Nystrom, Mika Zibanejad, Blake Comeau - PP : Eric Nystrom, Mika Zibanejad - PK : Blake Comeau
Extra Defensemen
Normal : Ryan Parent, Hampus Lindholm, John Klingberg - PP : Ryan Parent - PK : Hampus Lindholm, John Klingberg
Penalty Shots
Patrick Kane, Taylor Hall, Jordan Staal, Brayden Schenn, Kyle Clifford
Scratches
None
% Time on Ice - Predators
Lines # - Real PCT - Wanted PCT - Time Play
Normal Forward
1 - 34% - 40% - 16:49
2 - 26% - 30% - 12:53
3 - 25% - 20% - 12:33
4 - 16% - 10% - 7:48
Normal Defense
1 - 35% - 40% - 17:28
2 - 34% - 30% - 17:07
3 - 29% - 20% - 14:19
4 - 2% - 10% - 1:09
PP Forward
1 - 68% - 60% - 1:21
2 - 32% - 40% - 0:38
PP Defense
1 - 50% - 60% - 0:59
2 - 50% - 40% - 1:00
PK Forward
1 - 78% - 60% - 6:14
2 - 22% - 40% - 1:44
PK Defense
1 - 59% - 60% - 4:44
2 - 41% - 40% - 3:14
PK3 Forward
1 - 0% - 60%
2 - 0% - 40%
PK3 Defense
1 - 0% - 60%
2 - 0% - 40%
44 Forward
1 - 0% - 60%
2 - 0% - 40%
44 Defense
1 - 0% - 60%
2 - 0% - 40%
Last Minute Offensive - 0:00
Last Minute Defensive - 0:00
Total
Forward - 60:00
Defense - 60:00
|
% Time on Ice - Maple Leafs
Lines # - Real PCT - Wanted PCT - Time Play
Normal Forward
1 - 31% - 40% - 15:25
2 - 23% - 30% - 11:44
3 - 26% - 20% - 13:14
4 - 19% - 10% - 9:40
Normal Defense
1 - 38% - 40% - 19:04
2 - 30% - 30% - 14:51
3 - 29% - 20% - 14:45
4 - 3% - 10% - 1:23
PP Forward
1 - 54% - 60% - 4:18
2 - 46% - 40% - 3:40
PP Defense
1 - 55% - 60% - 4:23
2 - 45% - 40% - 3:35
PK Forward
1 - 81% - 60% - 1:36
2 - 19% - 40% - 0:23
PK Defense
1 - 60% - 60% - 1:11
2 - 40% - 40% - 0:48
PK3 Forward
1 - 0% - 60%
2 - 0% - 40%
PK3 Defense
1 - 0% - 60%
2 - 0% - 40%
44 Forward
1 - 0% - 60%
2 - 0% - 40%
44 Defense
1 - 0% - 60%
2 - 0% - 40%
Last Minute Offensive - 0:00
Last Minute Defensive - 0:00
Total
Forward - 60:00
Defense - 60:00
|
Play-by-Play
1st period
0:01 of 1st period - Mikael Granlund wins face-off versus Jordan Staal in neutral zone.
0:08 of 1st period - Slapshot by Alexander Ovechkin.
0:08 of 1st period - Goal by Alexander Ovechkin - Predators : 1 - Maple Leafs : 0.
0:09 of 1st period - Brayden Schenn wins face-off versus Ryan Kesler in neutral zone.
0:16 of 1st period - Snap shot by Kyle Clifford.
0:16 of 1st period - Stopped by Anders Lindback with a rebound.
0:18 of 1st period - Slapshot by Brayden Schenn.
0:18 of 1st period - Shot Misses the Net.
0:20 of 1st period - Snap shot by Ben Smith.
0:20 of 1st period - Shot Misses the Net.
0:34 of 1st period - Justin Faulk is hit by Jordan Staal and loses puck.
1:15 of 1st period - Braydon Coburn is hit by Mikael Granlund and loses puck.
1:32 of 1st period - Snap shot by Beau Bennett.
1:32 of 1st period - Stopped by Anders Lindback with a rebound.
1:46 of 1st period - Snap shot by Jordan Staal.
1:46 of 1st period - Goal by Jordan Staal - Predators : 1 - Maple Leafs : 1.
1:47 of 1st period - Brayden Schenn wins face-off versus Brendan Gallagher in neutral zone.
2:52 of 1st period - Wrist shot by Alexander Ovechkin.
2:52 of 1st period - Shot Misses the Net.
2:54 of 1st period - Slapshot by John Moore.
2:54 of 1st period - Shot Blocked by Jake Guentzel.
3:26 of 1st period - Snap shot by Alexander Ovechkin.
3:26 of 1st period - Shot Misses the Net.
3:28 of 1st period - Slapshot by Justin Faulk.
3:28 of 1st period - Shot Misses the Net.
4:39 of 1st period - John Moore is hit by Ryan Parent and loses puck.
5:41 of 1st period - Snap shot by Jake Guentzel.
5:41 of 1st period - Shot Misses the Net.
6:08 of 1st period - Icing by John Moore.
6:09 of 1st period - Jordan Staal wins face-off versus Alexander Ovechkin in Predators zone.
7:08 of 1st period - Snap shot by Kevin Shattenkirk.
7:08 of 1st period - Deflect By Mika Zibanejad.
7:08 of 1st period - Shot Misses the Net.
7:08 of 1st period - Puck is out of play.
7:09 of 1st period - Jordan Staal wins face-off versus Alex Killorn in Predators zone.
7:25 of 1st period - Snap shot by Niclas Bergfors.
7:25 of 1st period - Shot Misses the Net.
7:35 of 1st period - Maxim Afinogenov is hit by Ben Smith and loses puck.
8:20 of 1st period - Off-side.
8:21 of 1st period - Jordan Staal wins face-off versus Ryan Kesler in neutral zone.
8:26 of 1st period - Snap shot by Jordan Staal.
8:26 of 1st period - Shot Misses the Net.
8:57 of 1st period - Snap shot by Kyle Clifford.
8:57 of 1st period - Stopped by Anders Lindback without a rebound.
8:58 of 1st period - Jordan Staal wins face-off versus Ryan Kesler in Predators zone.
9:13 of 1st period - Wrist shot by Niclas Bergfors.
9:13 of 1st period - Stopped by Tyler Weiman without a rebound.
9:14 of 1st period - Brayden Schenn wins face-off versus Andy Miele in Maple Leafs zone.
9:29 of 1st period - Snap shot by Kyle Clifford.
9:29 of 1st period - Stopped by Anders Lindback with a rebound.
10:07 of 1st period - Snap shot by Justin Abdelkader.
10:07 of 1st period - Stopped by Tyler Weiman with a rebound.
10:09 of 1st period - Snap shot by Justin Abdelkader.
10:09 of 1st period - Shot Misses the Net.
11:00 of 1st period - Braydon Coburn is hit by Niclas Bergfors and loses puck.
11:27 of 1st period - Nik Antropov is hit by Eric Nystrom and loses puck.
11:34 of 1st period - Slapshot by John Klingberg.
11:34 of 1st period - Shot Misses the Net.
11:36 of 1st period - Snap shot by Mika Zibanejad.
11:36 of 1st period - Stopped by Anders Lindback with a rebound.
11:52 of 1st period - Snap shot by Niclas Bergfors.
11:52 of 1st period - Deflect By Ryan Kesler.
11:52 of 1st period - Stopped by Tyler Weiman with a rebound.
12:17 of 1st period - Alexander Edler is hit by Patrick Kane and loses puck.
12:38 of 1st period - George Parros is hit by Hampus Lindholm and loses puck.
13:21 of 1st period - Andy Miele is hit by Braydon Coburn and loses puck.
13:34 of 1st period - Nik Antropov is hit by Kyle Clifford and loses puck.
15:44 of 1st period - Snap shot by Marc-Édouard Vlasic.
15:44 of 1st period - Shot Blocked by Justin Faulk.
16:02 of 1st period - Slapshot by Kevin Shattenkirk.
16:02 of 1st period - Shot Blocked by George Parros.
16:04 of 1st period - Slapshot by Braydon Coburn.
16:04 of 1st period - Stopped by Anders Lindback with a rebound.
17:02 of 1st period - John Moore is hit by Ryan Parent.
18:18 of 1st period - George Parros is hit by John Klingberg and loses puck.
18:23 of 1st period - Snap shot by Mika Zibanejad.
18:23 of 1st period - Shot Misses the Net.
18:36 of 1st period - Off-side.
18:37 of 1st period - Brayden Schenn wins face-off versus Ryan Kesler in neutral zone.
18:40 of 1st period - Ryan Kesler is hit by Brayden Schenn.
18:43 of 1st period - Off-side.
18:44 of 1st period - Jordan Staal wins face-off versus Mikael Granlund in neutral zone.
18:59 of 1st period - Snap shot by Brendan Gallagher.
18:59 of 1st period - Shot Blocked by Kevin Shattenkirk.
19:01 of 1st period - Slapshot by John Moore.
19:01 of 1st period - Stopped by Tyler Weiman with a rebound.
19:35 of 1st period - Andy Miele is hit by Blake Comeau and loses puck.
19:56 of 1st period - Snap shot by Jordan Staal.
19:56 of 1st period - Shot Blocked by Alexander Edler.
Goals for this period are 1 for Predators vs 1 for Maple Leafs.
Shots for this period are 5 for Predators vs 7 for Maple Leafs.
2nd period
0:01 of 2nd period - Jordan Staal wins face-off versus Mikael Granlund in neutral zone.
0:48 of 2nd period - Alexander Steen is hit by Blake Comeau.
1:08 of 2nd period - Wrist shot by Mikael Granlund.
1:08 of 2nd period - Stopped by Tyler Weiman without a rebound.
1:09 of 2nd period - Mikael Granlund wins face-off versus Jordan Staal in Maple Leafs zone.
1:10 of 2nd period - Slapshot by Brendan Gallagher.
1:10 of 2nd period - Stopped by Tyler Weiman with a rebound.
1:12 of 2nd period - Snap shot by Brendan Gallagher.
1:12 of 2nd period - Deflect By Alexander Ovechkin.
1:12 of 2nd period - Shot Misses the Net.
1:12 of 2nd period - Puck is out of play.
1:13 of 2nd period - Mikael Granlund wins face-off versus Jordan Staal in Maple Leafs zone.
1:20 of 2nd period - Wrist shot by Brendan Gallagher.
1:20 of 2nd period - Stopped by Tyler Weiman with a rebound.
1:22 of 2nd period - Wrist shot by Alexander Ovechkin.
1:22 of 2nd period - Stopped by Tyler Weiman with a rebound.
1:24 of 2nd period - Wrist shot by Alexander Ovechkin.
1:24 of 2nd period - Shot Misses the Net.
1:44 of 2nd period - Snap shot by Alexander Ovechkin.
1:44 of 2nd period - Goal by Alexander Ovechkin - Predators : 2 - Maple Leafs : 1.
1:45 of 2nd period - Jordan Staal wins face-off versus Ryan Kesler in neutral zone.
1:48 of 2nd period - Snap shot by Taylor Hall.
1:48 of 2nd period - Stopped by Anders Lindback with a rebound.
1:57 of 2nd period - Minor Penalty to Braydon Coburn for Hooking.
1:58 of 2nd period - Patrick Kane wins face-off versus Mikael Granlund in Maple Leafs zone.
2:09 of 2nd period - Snap shot by Alexander Edler.
2:09 of 2nd period - Stopped by Tyler Weiman with a rebound.
2:56 of 2nd period - John Klingberg is hit by Maxim Afinogenov and loses puck.
3:13 of 2nd period - Slapshot by Mikael Granlund.
3:13 of 2nd period - Deflect By Brayden Schenn.
3:13 of 2nd period - Stopped by Tyler Weiman with a rebound.
3:33 of 2nd period - Wrist shot by Justin Faulk.
3:33 of 2nd period - Stopped by Tyler Weiman with a rebound.
3:42 of 2nd period - Off-side.
3:43 of 2nd period - Ryan Kesler wins face-off versus Blake Comeau in neutral zone.
3:57 of 2nd period - Penalty to Braydon Coburn is over, Braydon Coburn is back on ice.
4:10 of 2nd period - Slapshot by Justin Abdelkader.
4:10 of 2nd period - Shot Misses the Net.
4:12 of 2nd period - Slapshot by Denis Grebeshkov.
4:12 of 2nd period - Stopped by Tyler Weiman with a rebound.
4:18 of 2nd period - Snap shot by Justin Abdelkader.
4:18 of 2nd period - Stopped by Tyler Weiman with a rebound.
4:37 of 2nd period - Off-side.
4:38 of 2nd period - Alexander Steen wins face-off versus Brayden Schenn in neutral zone.
5:02 of 2nd period - Niclas Bergfors is hit by Taylor Hall and loses puck.
5:29 of 2nd period - Alexander Ovechkin is hit by Blake Comeau and loses puck.
5:46 of 2nd period - Denis Grebeshkov is hit by Ryan Parent.
6:05 of 2nd period - Alexander Ovechkin is hit by Marc-Édouard Vlasic.
6:11 of 2nd period - John Klingberg is hit by Justin Faulk.
6:31 of 2nd period - Patrick Kane is hit by Andy Miele and loses puck.
6:54 of 2nd period - Snap shot by Mika Zibanejad.
6:54 of 2nd period - Stopped by Anders Lindback with a rebound.
6:58 of 2nd period - Slapshot by Kevin Shattenkirk.
6:58 of 2nd period - Shot Blocked by Maxim Afinogenov.
7:06 of 2nd period - Wrist shot by Eric Nystrom.
7:06 of 2nd period - Shot Blocked by Alexander Steen.
7:22 of 2nd period - Wrist shot by Alexander Steen.
7:22 of 2nd period - Stopped by Tyler Weiman without a rebound.
7:23 of 2nd period - Brayden Schenn wins face-off versus Ryan Kesler in Maple Leafs zone.
7:55 of 2nd period - Slapshot by Ryan Parent.
7:55 of 2nd period - Shot Hit the Post.
8:15 of 2nd period - Niclas Bergfors is hit by Nate Thompson and loses puck.
8:21 of 2nd period - Icing by Justin Faulk.
8:22 of 2nd period - Ryan Kesler wins face-off versus Jordan Staal in Predators zone.
8:46 of 2nd period - Minor Penalty to Justin Faulk for Hooking.
8:47 of 2nd period - Alexander Ovechkin wins face-off versus Jordan Staal in Predators zone.
10:10 of 2nd period - Patrick Kane is hit by Maxim Afinogenov and loses puck.
10:46 of 2nd period - Penalty to Justin Faulk is over, Justin Faulk is back on ice.
10:47 of 2nd period - Jordan Staal is hit by John Moore and loses puck.
10:54 of 2nd period - Patrick Kane is hit by Mikael Granlund.
10:58 of 2nd period - Alexander Steen is hit by John Klingberg and loses puck.
11:15 of 2nd period - Snap shot by Blake Comeau.
11:15 of 2nd period - Stopped by Anders Lindback with a rebound.
11:37 of 2nd period - Snap shot by Beau Bennett.
11:37 of 2nd period - Stopped by Anders Lindback without a rebound.
11:38 of 2nd period - Mika Zibanejad wins face-off versus Mikael Granlund in Predators zone.
11:51 of 2nd period - Kevin Shattenkirk is hit by Brendan Gallagher and loses puck.
12:04 of 2nd period - Alexander Edler is hit by Kevin Shattenkirk and loses puck.
12:29 of 2nd period - Snap shot by Beau Bennett.
12:29 of 2nd period - Shot Blocked by Maxim Afinogenov.
12:31 of 2nd period - Slapshot by Beau Bennett.
12:31 of 2nd period - Shot Blocked by Alexander Steen.
12:33 of 2nd period - Wrist shot by Beau Bennett.
12:33 of 2nd period - Shot Misses the Net.
12:35 of 2nd period - Wrist shot by Nate Thompson.
12:35 of 2nd period - Stopped by Anders Lindback with a rebound.
12:37 of 2nd period - Slapshot by Beau Bennett.
12:37 of 2nd period - Shot Misses the Net.
13:16 of 2nd period - Wrist shot by Mika Zibanejad.
13:16 of 2nd period - Stopped by Anders Lindback without a rebound.
13:17 of 2nd period - Ryan Kesler wins face-off versus Brayden Schenn in Predators zone.
13:32 of 2nd period - Snap shot by Ben Smith.
13:32 of 2nd period - Shot Blocked by Ryan Mcdonagh.
13:54 of 2nd period - Wrist shot by Alexander Ovechkin.
13:54 of 2nd period - Stopped by Tyler Weiman without a rebound.
13:55 of 2nd period - Andy Miele wins face-off versus Brayden Schenn in Maple Leafs zone.
14:04 of 2nd period - Snap shot by Kyle Clifford.
14:04 of 2nd period - Shot Misses the Net.
14:41 of 2nd period - Slapshot by Justin Faulk.
14:41 of 2nd period - Shot Blocked by John Klingberg.
15:09 of 2nd period - Marc-Édouard Vlasic is hit by Nik Antropov and loses puck.
15:12 of 2nd period - Snap shot by Ben Smith.
15:12 of 2nd period - Shot Blocked by Ryan Mcdonagh.
15:14 of 2nd period - Snap shot by Marc-Édouard Vlasic.
15:14 of 2nd period - Shot Misses the Net.
15:20 of 2nd period - Minor Penalty to Nik Antropov for Holding.
15:21 of 2nd period - Alexander Ovechkin wins face-off versus Jordan Staal in Predators zone.
15:34 of 2nd period - Wrist shot by Taylor Hall.
15:34 of 2nd period - Deflect By Alexander Ovechkin.
15:34 of 2nd period - Stopped by Anders Lindback with a rebound.
15:36 of 2nd period - Wrist shot by Taylor Hall.
15:36 of 2nd period - Shot Misses the Net.
15:58 of 2nd period - Wrist shot by Kyle Clifford.
15:58 of 2nd period - Shot Misses the Net.
16:32 of 2nd period - Snap shot by Brayden Schenn.
16:32 of 2nd period - Shot Misses the Net.
17:20 of 2nd period - Penalty to Nik Antropov is over, Nik Antropov is back on ice.
18:04 of 2nd period - Eric Nystrom is hit by Ryan Mcdonagh and loses puck.
18:53 of 2nd period - Snap shot by Justin Abdelkader.
18:53 of 2nd period - Stopped by Tyler Weiman without a rebound.
18:54 of 2nd period - Nik Antropov wins face-off versus Jordan Staal in Maple Leafs zone.
19:03 of 2nd period - Slapshot by Nik Antropov.
19:03 of 2nd period - Stopped by Tyler Weiman with a rebound.
19:11 of 2nd period - Wrist shot by Taylor Hall.
19:11 of 2nd period - Deflect By Justin Abdelkader.
19:11 of 2nd period - Stopped by Anders Lindback without a rebound.
19:12 of 2nd period - Brayden Schenn wins face-off versus Mikael Granlund in Predators zone.
19:15 of 2nd period - Wrist shot by Ben Smith.
19:15 of 2nd period - Stopped by Anders Lindback without a rebound.
19:16 of 2nd period - Mikael Granlund wins face-off versus Brayden Schenn in Predators zone.
19:23 of 2nd period - Slapshot by Mikael Granlund.
19:23 of 2nd period - Stopped by Tyler Weiman with a rebound.
19:31 of 2nd period - Snap shot by Brendan Gallagher.
19:31 of 2nd period - Goal by Brendan Gallagher - Predators : 3 - Maple Leafs : 1.
19:32 of 2nd period - Taylor Hall wins face-off versus Mikael Granlund in neutral zone.
19:58 of 2nd period - Alexander Edler is hit by Kevin Shattenkirk and loses puck.
Goals for this period are 2 for Predators vs 0 for Maple Leafs.
Shots for this period are 16 for Predators vs 9 for Maple Leafs.
3rd period
0:01 of 3rd period - Mikael Granlund wins face-off versus Jordan Staal in neutral zone.
0:04 of 3rd period - Slapshot by Mikael Granlund.
0:04 of 3rd period - Shot Blocked by Braydon Coburn.
0:42 of 3rd period - Wrist shot by Ben Smith.
0:42 of 3rd period - Shot Misses the Net.
0:54 of 3rd period - Kevin Shattenkirk is hit by Nik Antropov and loses puck.
1:01 of 3rd period - Slapshot by Nik Antropov.
1:01 of 3rd period - Shot Misses the Net.
1:19 of 3rd period - Slapshot by Kevin Shattenkirk.
1:19 of 3rd period - Deflect By Beau Bennett.
1:19 of 3rd period - Shot Blocked by Andy Miele.
1:19 of 3rd period - Puck is out of play.
1:20 of 3rd period - Nate Thompson wins face-off versus Andy Miele in Predators zone.
1:33 of 3rd period - Slapshot by Alexander Edler.
1:33 of 3rd period - Stopped by Tyler Weiman with a rebound.
1:40 of 3rd period - Snap shot by Alexander Steen.
1:40 of 3rd period - Shot Blocked by Marc-Édouard Vlasic.
1:42 of 3rd period - Slapshot by Alexander Edler.
1:42 of 3rd period - Shot Blocked by John Klingberg.
1:44 of 3rd period - Slapshot by John Moore.
1:44 of 3rd period - Stopped by Tyler Weiman with a rebound.
1:46 of 3rd period - Snap shot by John Moore.
1:46 of 3rd period - Shot Blocked by John Klingberg.
1:48 of 3rd period - Backhand shot by John Moore.
1:48 of 3rd period - Deflect By Maxim Afinogenov.
1:48 of 3rd period - Stopped by Tyler Weiman without a rebound.
1:49 of 3rd period - Mikael Granlund wins face-off versus Jordan Staal in Maple Leafs zone.
1:50 of 3rd period - Snap shot by Alexander Ovechkin.
1:50 of 3rd period - Stopped by Tyler Weiman with a rebound.
1:52 of 3rd period - Slapshot by Brendan Gallagher.
1:52 of 3rd period - Stopped by Tyler Weiman without a rebound.
1:53 of 3rd period - Alexander Ovechkin wins face-off versus Jordan Staal in Maple Leafs zone.
2:06 of 3rd period - Snap shot by Mikael Granlund.
2:06 of 3rd period - Stopped by Tyler Weiman with a rebound.
2:08 of 3rd period - Snap shot by Mikael Granlund.
2:08 of 3rd period - Deflect By Patrick Kane.
2:08 of 3rd period - Stopped by Tyler Weiman with a rebound.
2:30 of 3rd period - Hampus Lindholm is hit by Niclas Bergfors.
2:41 of 3rd period - Brayden Schenn is hit by Andy Miele and loses puck.
2:46 of 3rd period - Slapshot by Andy Miele.
2:46 of 3rd period - Deflect By Alexander Steen.
2:46 of 3rd period - Shot Blocked by Ryan Parent.
2:46 of 3rd period - Puck is out of play.
2:47 of 3rd period - Jordan Staal wins face-off versus Mikael Granlund in Maple Leafs zone.
3:59 of 3rd period - Minor Penalty to Andy Miele for Holding.
4:00 of 3rd period - Alexander Ovechkin wins face-off versus Jordan Staal in Predators zone.
5:41 of 3rd period - Icing by Patrick Kane.
5:42 of 3rd period - Mikael Granlund wins face-off versus Jordan Staal in Maple Leafs zone.
5:59 of 3rd period - Penalty to Andy Miele is over, Andy Miele is back on ice.
6:09 of 3rd period - Snap shot by Blake Comeau.
6:09 of 3rd period - Deflect By Niclas Bergfors.
6:09 of 3rd period - Shot Misses the Net.
6:09 of 3rd period - Puck is out of play.
6:10 of 3rd period - Mika Zibanejad wins face-off versus Ryan Kesler in Predators zone.
6:15 of 3rd period - Snap shot by Mika Zibanejad.
6:15 of 3rd period - Stopped by Anders Lindback with a rebound.
7:27 of 3rd period - Snap shot by Niclas Bergfors.
7:27 of 3rd period - Goal by Niclas Bergfors - Predators : 4 - Maple Leafs : 1.
7:28 of 3rd period - Jordan Staal wins face-off versus Mikael Granlund in neutral zone.
7:31 of 3rd period - Slapshot by John Klingberg.
7:31 of 3rd period - Shot Misses the Net.
7:33 of 3rd period - Wrist shot by Patrick Kane.
7:33 of 3rd period - Shot Hit the Post.
7:35 of 3rd period - Snap shot by John Klingberg.
7:35 of 3rd period - Stopped by Anders Lindback with a rebound.
7:39 of 3rd period - Slapshot by Taylor Hall.
7:39 of 3rd period - Stopped by Anders Lindback with a rebound.
7:41 of 3rd period - Wrist shot by Patrick Kane.
7:41 of 3rd period - Shot Blocked by Alexander Ovechkin.
7:43 of 3rd period - Slapshot by John Klingberg.
7:43 of 3rd period - Shot Blocked by Mikael Granlund.
7:45 of 3rd period - Snap shot by Jordan Staal.
7:45 of 3rd period - Stopped by Anders Lindback with a rebound.
7:51 of 3rd period - Minor Penalty to Alexander Edler for Hooking.
7:52 of 3rd period - Jordan Staal wins face-off versus Alexander Ovechkin in Predators zone.
7:53 of 3rd period - Snap shot by Patrick Kane.
7:53 of 3rd period - Goal by Patrick Kane - Predators : 4 - Maple Leafs : 2.
7:54 of 3rd period - Mikael Granlund wins face-off versus Jordan Staal in neutral zone.
8:01 of 3rd period - Slapshot by Brendan Gallagher.
8:01 of 3rd period - Shot Misses the Net.
8:17 of 3rd period - Minor Penalty to Brendan Gallagher for Holding.
8:18 of 3rd period - Alexander Ovechkin wins face-off versus Patrick Kane in Predators zone.
8:21 of 3rd period - Snap shot by Patrick Kane.
8:21 of 3rd period - Stopped by Anders Lindback without a rebound.
8:22 of 3rd period - Alexander Ovechkin wins face-off versus Jordan Staal in Predators zone.
8:58 of 3rd period - Slapshot by Kevin Shattenkirk.
8:58 of 3rd period - Stopped by Anders Lindback with a rebound.
9:54 of 3rd period - Mikael Granlund is hit by Taylor Hall and loses puck.
10:09 of 3rd period - Ryan Mcdonagh is hit by Patrick Kane and loses puck.
10:17 of 3rd period - Penalty to Brendan Gallagher is over, Brendan Gallagher is back on ice.
10:26 of 3rd period - Wrist shot by Ryan Kesler.
10:26 of 3rd period - Shot Misses the Net.
11:27 of 3rd period - Wrist shot by Mikael Granlund.
11:27 of 3rd period - Stopped by Tyler Weiman with a rebound.
12:08 of 3rd period - Ryan Mcdonagh is hit by Patrick Kane and loses puck.
12:14 of 3rd period - Icing by Alex Killorn.
12:15 of 3rd period - Ryan Kesler wins face-off versus Jordan Staal in Predators zone.
12:26 of 3rd period - Snap shot by Niclas Bergfors.
12:26 of 3rd period - Shot Blocked by Taylor Hall.
13:21 of 3rd period - Slapshot by Ryan Mcdonagh.
13:21 of 3rd period - Shot Misses the Net.
13:23 of 3rd period - Snap shot by George Parros.
13:23 of 3rd period - Shot Misses the Net.
14:05 of 3rd period - Snap shot by Brendan Gallagher.
14:05 of 3rd period - Shot Blocked by Ben Smith.
14:07 of 3rd period - Slapshot by Mikael Granlund.
14:07 of 3rd period - Stopped by Tyler Weiman with a rebound.
14:09 of 3rd period - Slapshot by Justin Faulk.
14:09 of 3rd period - Stopped by Tyler Weiman without a rebound.
14:10 of 3rd period - Mikael Granlund wins face-off versus Brayden Schenn in Maple Leafs zone.
14:33 of 3rd period - Ryan Kesler is hit by Taylor Hall and loses puck.
15:52 of 3rd period - Hampus Lindholm is hit by Justin Abdelkader and loses puck.
16:05 of 3rd period - Slapshot by Hampus Lindholm.
16:05 of 3rd period - Stopped by Anders Lindback without a rebound.
16:06 of 3rd period - Andy Miele wins face-off versus Blake Comeau in Predators zone.
16:53 of 3rd period - Slapshot by Alexander Steen.
16:53 of 3rd period - Stopped by Tyler Weiman with a rebound.
17:05 of 3rd period - Denis Grebeshkov is hit by Blake Comeau and loses puck.
17:17 of 3rd period - Slapshot by Eric Nystrom.
17:17 of 3rd period - Shot Misses the Net.
17:34 of 3rd period - Snap shot by Eric Nystrom.
17:34 of 3rd period - Stopped by Anders Lindback with a rebound.
18:34 of 3rd period - Snap shot by Andy Miele.
18:34 of 3rd period - Stopped by Tyler Weiman with a rebound.
18:36 of 3rd period - Slapshot by Nate Schmidt.
18:36 of 3rd period - Shot Blocked by John Klingberg.
18:38 of 3rd period - Slapshot by Maxim Afinogenov.
18:38 of 3rd period - Stopped by Tyler Weiman with a rebound.
18:40 of 3rd period - Slapshot by Denis Grebeshkov.
18:40 of 3rd period - Deflect By John Klingberg.
18:40 of 3rd period - Stopped by Tyler Weiman with a rebound.
18:42 of 3rd period - Snap shot by Denis Grebeshkov.
18:42 of 3rd period - Stopped by Tyler Weiman with a rebound.
18:44 of 3rd period - Slapshot by Alexander Steen.
18:44 of 3rd period - Stopped by Tyler Weiman without a rebound.
18:45 of 3rd period - Alexander Ovechkin wins face-off versus Jordan Staal in Maple Leafs zone.
18:48 of 3rd period - Wrist shot by Brendan Gallagher.
18:48 of 3rd period - Stopped by Tyler Weiman without a rebound.
18:49 of 3rd period - Jordan Staal wins face-off versus Mikael Granlund in Maple Leafs zone.
19:28 of 3rd period - Jordan Staal is hit by John Moore and loses puck.
19:48 of 3rd period - Justin Faulk is hit by Kyle Clifford and loses puck.
Goals for this period are 1 for Predators vs 1 for Maple Leafs.
Shots for this period are 18 for Predators vs 9 for Maple Leafs.
Back to the Top